 Dungeon Crawl Stone Soup version 0.31.0-11-ge490571c62 (webtiles) character file.

Game seed: 984840852976725175

5 Flugkiller the Shield-Bearer (level 1, 22/22 HPs)
             Began as a Troll Fighter on Jan 29, 2024.
             Quit the game in the Ecumenical Temple.
             The game lasted 00:01:08 (245 turns).

Flugkiller the Shield-Bearer (Troll Fighter)         Turns: 245, Time: 00:01:08

Health: 22/22      AC:  4    Str: 23    XL:     1   Next: 66%
Magic:  0/0        EV:  8    Int:  4    God:
Gold:   75         SH:  7    Dex:  9    Spells: 0/0 levels left

rFire   . .          .
                       - Unarmed
rCold   . . .        b - +0 kite shield
rNeg    . . .        a - +0 robe
rPois   .            (helmet restricted)
rElec   .            (no cloak)
rCorr   .            (gloves unavailable)
SInv    .            (boots unavailable)
Will    .....        (no amulet)
Stlth   +            (no ring)
HPRegen 1.03/turn    (no ring)
MPRegen 0.07/turn

%: no passive effects
@: no status effects
A: large, unfitting armour, claws 3, regeneration 1, shaggy fur 1, tough skin 1
a: no special abilities


You were in the Ecumenical Temple.
You visited 2 branches of the dungeon, and saw 6 of its levels.

You collected 75 gold pieces.

Inventory:

Missiles
 c - 5 atropa-tipped darts (quivered)
Armour
 a - a +0 robe (worn)
 b - a +0 kite shield (worn)
Scrolls
 g - a scroll of fear {unknown}
Potions
 d - a potion of might
 e - a potion of curing {unknown}
 f - a potion of attraction {unknown}


   Skills:
 - Level 2.4 Fighting
 - Level 2.4 Dodging
 - Level 2.6 Shields
 + Level 2.5 Unarmed Combat


You couldn't memorise any spells.
You didn't know any spells.
Your spell library was empty.

Dungeon Overview and Level Annotations

Branches:
Dungeon (5/15) Zot: 26981  Temple (1/1) D:5 Zot: 5999

Altars:
Ashenzari
Dithmenos
Elyvilon
Fedhas
Hepliaklqana
Kikubaaqudgha
Makhleb
Nemelex Xobeh
Qazlal
Ru
Wu Jian
Xom
Yredelemnul
Zin
The Shining One

Annotations:
D:4 Menkaure


Innate Abilities, Weirdness & Mutations

You are too large for most types of armour.
You have claws for hands.
Your natural rate of healing is unusually fast.
You are covered in fur. (AC +1)
You have tough skin. (AC +1)


Message History

You block the bat's attack.
You see here 15 gold pieces.
The endoplasm attacks as it pursues you!
The endoplasm barely misses you. You block the bat's attack.
You block the bat's attack. The bat attacks as it pursues you!
You block the bat's attack. The bat hits you but does no damage.
The endoplasm jiggles.
The bat hits you but does no damage. The bat hits you but does no damage.
The bat closely misses you. The bat attacks as it pursues you!
The bat barely misses you. The bat hits you but does no damage.
Found a ring mail.
The bat attacks as it pursues you! You block the bat's attack.
The bat hits you but does no damage. The bat attacks as it pursues you!
The bat closely misses you. The bat hits you but does no damage.
You block the bat's attack. The bat attacks as it pursues you!
You block the bat's attack. The bat hits you. You block the bat's attack.
You block the bat's attack. The bat barely misses you.
The bat attacks as it pursues you! The bat barely misses you.
The bat hits you but does no damage. The bat attacks as it pursues you!
The bat hits you but does no damage. x2
The bat closely misses you.
Found a stone staircase leading down.
The bat hits you but does no damage. You block the bat's attack.
Found a hand axe.
The bat closely misses you. The bat closely misses you.
The bat barely misses you. You block the bat's attack.
There is a stone staircase leading down here.
The bat hits you but does no damage.
You climb downwards.
There is a stone staircase leading up here.
A bat comes into view.
You block the bat's attack.
You claw the bat!
You kill the bat!
No target in view!
You see here a bat corpse.
You open the door.
Found a stone staircase leading down.
There is an open door here.
Found 6 gold pieces.
There is a stone staircase leading down here.
You climb downwards.
There is a stone staircase leading up here.
Found 11 gold pieces.
You now have 52 gold pieces (gained 11).
A giant cockroach comes into view.
Found 7 gold pieces.
The giant cockroach moves out of view.
You scratch the giant cockroach.
The giant cockroach is severely wounded.
You block the giant cockroach's attack.
You claw the giant cockroach!
You kill the giant cockroach!
You now have 59 gold pieces (gained 7).
Found a stone staircase leading down.
An adder and a goblin come into view.
The adder hisses angrily.
The goblin shouts!
The adder moves out of view.
The goblin barely misses you.
There is a stone staircase leading down here.
You block the goblin's attack.
You climb downwards.
There is a stone staircase leading up here.
You claw the goblin!
You kill the goblin!
Menkaure, Prince of Dust comes into view.
Found a stone staircase leading down.
Things that are here:
a +0 dagger; a goblin corpse A scorpion comes into view.
Found 3 gold pieces.
Found a stone staircase leading down.
Menkaure calls on the powers of darkness!
Your body is wracked with pain!
There is a stone staircase leading down here.
You climb downwards.
There is a stone staircase leading up here.
As you open the door, it creaks loudly!
Found 16 gold pieces.
Found a stone staircase leading up.
There is an open door here.
Found a staircase to the Ecumenical Temple.
You now have 75 gold pieces (gained 16).
An ice beast comes into view.
There are no items here.
Found a glowing flail.
Found a rapier.
Found a blue potion.
Found a stone staircase leading up.
There is a staircase to the Ecumenical Temple here.
You climb downwards.
Welcome to the Ecumenical Temple!
Found seven altars.
Found a staircase back to the Dungeon.
There is a staircase back to the Dungeon here.
Unknown command.
Are you sure you want to abandon this character and quit the game? (Confirm with "yes".)

##### ##### ##._.##
##._.## ##.....##
##.....## #_....._#
#_....._#
#..._...###.......#
#........@...._...#
#..._...###.......#
#_....._# #_....._#
##.....## ##.....##
##._.## ##._.##
##### #####


There were no monsters in sight!

Vanquished Creatures
  2 bats
  A giant cockroach (D:3)
  A hobgoblin (D:1)
  A goblin (D:4)
5 creatures vanquished.

Notes
Turn   | Place    | Note
-------+----------+-------------------------------------------
     0 | D:1      | Flugkiller the Troll Fighter began the quest for the Orb.
     0 | D:1      | Reached XP level 1. HP: 22/22 MP: 0/0
   213 | D:4      | Noticed a phantom
   215 | D:4      | Noticed Menkaure
   217 | D:4      | Noticed a scorpion
   225 | D:5      | Entered Level 5 of the Dungeon
   234 | D:5      | Found a staircase to the Ecumenical Temple.
   236 | D:5      | Noticed an ice beast
   244 | Temple   | Entered the Ecumenical Temple
   245 | Temple   | Quit the game

Illustrated notes

Levels and vault maps discovered:
D:1:      grunt_arrival_crossed_arrows, layout_loops_ring
D:2:      layout_basic, serial_shops, nicolae_shop_just_a_little_nook
D:3:      layout_loops_ring, chequers_mini_garden, uniq_sigmund, uniq_natasha
D:4:      layout_cave_pools, serial_shops, shop, kennysheep_dice, uniq_menkaure
D:5:      layout_gridville, kennysheep_mini_moat, led_sif_pool,
          nicolae_uskayaw_dance_hall, minmay_temple_entry_large_hall
Temple:   hellmonk_temple_two_chambers

Action                     || total
---------------------------++-------
  Melee: Unarmed           ||    12
 Armour: Robe              ||    41
  Dodge: Dodged            ||    35
  Block: Kite shield       ||    39
